cohdb
Replays
Latest Replays
All Replays
Popular Replays
Top Player Replays
Match Explorer
How It Works
Community
CoH3 Stats
Reddit
Sign in to upload your games and track your stats! →
Sign in with Steam
Match 45182206
Unlisted
Match 45182206
Overview
Messages
Build Orders
End
Construct Weapon Support Center
Scout Squad
Selects Special Operations Battlegroup
Selects M29 Weasel Recon Vehicle
M29 Weasel Recon Vehicle
M1919 Machine Gun Team
M1919 Machine Gun Team
Infantry Support Center
Engineer Squad
Construct Medical Station
Construct Motor Pool
Engineer Squad
Selects Raiding Flares
M8 Greyhound Armored Car
Selects SSF Commando Squad
SSF Commando Squad
Max1boy
Samuel Bronkowitz
0
0
Comments
sign in to comment!
No comments posted yet!